 Dungeon Crawl Stone Soup version 0.29.0-4-gdea44cf6ec (webtiles) character file.

Game seed: 3760133263971115076

91 qw the Chopper (level 4, 0/36 HPs)
             Began as a Barachi Chaos Knight on Sept 4, 2022.
             Killed from afar by a white imp (7 damage)
             ... with a puff of frost
             ... summoned by Xom
             ... on level 3 of the Dungeon.
             The game lasted 00:00:54 (2452 turns).

qw the Chopper (Barachi Chaos Knight)               Turns: 2452, Time: 00:00:55

Health: 0/36       AC:  6    Str: 13    XL:     4   Next: 57%
Magic:  3/3        EV: 12    Int: 12    God:
Gold:   109        SH:  0    Dex: 18    Spells: 3/3 levels left

rFire   . . .      SeeInvis .   Y - +0 hand axe (chaos)
rCold   . . .      Faith    .   (no shield)
rNeg    . . .      Spirit   .   b - +2 leather armour
rPois   .          Reflect  .   (no helmet)
rElec   .          Harm     .   (no cloak)
rCorr   .          Rampage  .   j - +0 pair of gloves
Will    .....                   (no boots)
Stlth   +.........              (no amulet)
HPRegen 0.00/turn               g - +6 ring of dexterity
MPRegen 0.08/turn               (no ring)

@: about to teleport, inhibited regen, slow
A: amphibious, slowness 1, strong legs 1, +LOS, low MP 1, screaming 1, inhibited
regeneration, weak 1, no potion heal 1
a: Hop


You were on level 3 of the Dungeon.
You visited 1 branch of the dungeon, and saw 3 of its levels.

You collected 158 gold pieces.
You spent 49 gold pieces at shops.


Innate Abilities, Weirdness & Mutations

You are amphibious.
You cover ground slowly.
You can hop short distances.
You have an extended range of vision and can be seen from far away.
Your magical capacity is low. (-10% MP)
You occasionally shout uncontrollably at your foes.
You do not regenerate when monsters are visible.
You are weak. (Str -2)
Potions are less effective at restoring your health.


   Skills:
 - Level 3.6 Fighting
 + Level 5.3 Axes
 - Level 2.4 Armour
 - Level 2.1 Dodging


You had 3 spell levels left.
You didn't know any spells.
Your spell library was empty.

Inventory:

Hand Weapons
 d - a +0 club
 Y - a +0 hand axe of chaos (weapon)
Armour
 b - a +2 leather armour (worn)
 i - a +0 ring mail
 j - a +0 pair of gloves (worn)
 m - a +0 scale mail
Jewellery
 g - a +6 ring of dexterity (left hand)
 l - a +6 ring of strength
Scrolls
 a - a scroll of identify
 e - a scroll of teleportation
 h - a scroll of fog {unknown}
Potions
 f - 2 potions of heal wounds {unknown}
 k - a potion of magic {unknown}
 n - a potion of haste {unknown}
Miscellaneous
 c - a piece from Xom's chessboard (15/15)

Dungeon Overview and Level Annotations

Branches:
Dungeon (3/15)

Altars:
Hepliaklqana
Makhleb

Shops:
D:1 [   D:3 (


Message History

The white imp is severely wounded.
The white imp barely misses you.
You closely miss the white imp.
The white imp is severely wounded.
The white imp gestures at you. The puff of frost hits you.
You barely miss the white imp.
The white imp is severely wounded.
The white imp barely misses you.
You hit the white imp.
The white imp is almost dead.
The white imp misses you.
You hit the white imp but do no damage.
The white imp is severely wounded.
The white imp hits you. The white imp freezes you.
You hit the white imp but do no damage.
The white imp seems to speed up.
The white imp is severely wounded.
The white imp hits you but does no damage.
You barely miss the white imp.
The white imp is severely wounded.
The white imp gestures at you. The puff of frost misses you.
The white imp barely misses you.
You barely miss the white imp.
The white imp is severely wounded.
The white imp grins evilly.
The white imp closely misses you.
You hit the white imp but do no damage.
The white imp is severely wounded.
The white imp hits you. The white imp freezes you.
The white imp barely misses you.
2451 ||| READING 2 scrolls of teleportation.
As you read the scroll of teleportation, it crumbles to dust.
You feel strangely unstable.
The white imp picks up a beetle and eats it.
The white imp closely misses you.
You hit the white imp but do no damage.
The white imp is severely wounded.
The white imp gestures at you. The puff of frost hits you!
You die...

# #.# #.......##.... # ####.#
######.###.##. #....#
#####.###.##. #.#########
#.........##. #.# #.....#
#.###.###....
###.###>....####.##P...#.##.
#.....#..........##P.8.#.##.
######.###.#......#####.....#.##.
....... #.).###@%### #.P........
##.### ##.#.#..5...# #.......###
##... ...#.#.#..#.# ##.#....#
.#.. # #^.##.#..~~..####.#.##.#
...#.# ##.##.#..~~..#.........###
.#...# #.##.#.#..#.#...........#
###.## #.##.#......####.#......#
.#...# #.##.######## #...###..#
...#.# ##.##..# ########...# #...


You could see a white imp (summoned, fast).

Vanquished Creatures
  A hound zombie (D:3)
  4 adders
  An adder zombie (D:3)
  An adder skeleton (D:3)
  2 ball pythons
  2 giant cockroaches
  5 hobgoblins
  6 kobolds
  3 quokkas
  3 bats
  3 frilled lizards
  4 rats
35 creatures vanquished.

Vanquished Creatures (others)
  A hobgoblin zombie (D:2)
1 creature vanquished.

Grand Total: 36 creatures vanquished

Notes
Turn   | Place    | Note
-------+----------+-------------------------------------------
     0 | D:1      | qw the Barachi Chaos Knight began the quest for the Orb.
     0 | D:1      | Reached XP level 1. HP: 18/18 MP: 1/1
     0 | D:1      | 0 ||| qw: Version: 0.1-a-103-gd6f5d3a
     0 | D:1      | 0 ||| qw: Game counter: 5612
     0 | D:1      | 0 ||| qw: Always use a shield: true
     0 | D:1      | 0 ||| qw: God list: Okawaru
     0 | D:1      | 0 ||| qw: Allow faded altars: false
     0 | D:1      | 0 ||| qw: Do Orc after D:15 true
     0 | D:1      | 0 ||| qw: Do second Lair branch before Depths: true
     0 | D:1      | 0 ||| qw: Lair rune preference: random
     0 | D:1      | 0 ||| qw: Plans: Normal
     0 | D:1      | 0 ||| PLANNING D:1-11
     0 | D:1      | Fell from the grace of Xom
   363 | D:1      | Found a faded altar of an unknown god.
   377 | D:1      | XOM: give mutations
   377 | D:1      | Gained mutation: You are frail. (-10% HP) [Xom's mischief]
   377 | D:1      | Gained mutation: Potions are less effective at restoring
                  | your health. [Xom's mischief]
   377 | D:1      | Gained mutation: Armour fits poorly on your strangely
                  | shaped body. [Xom's mischief]
   377 | D:1      | Gained mutation: You do not regenerate when monsters are
                  | visible. [Xom's mischief]
   411 | D:1      | Reached XP level 2. HP: 21/21 MP: 2/2
   501 | D:1      | Found Eqimmoag's Armour Boutique.
   510 | D:1      | 510 ||| SHOPLISTING +0 pair of boots of the Seven Beds
                  | {Will++ Dex+3} (349 gold, have 51).
   510 | D:1      | 510 ||| BUYING +0 pair of gloves (49 gold).
   510 | D:1      | Bought a +0 pair of gloves for 49 gold pieces
   510 | D:1      | 510 ||| SHOPLISTING +0 ring mail (44 gold, have 2).
   510 | D:1      | 510 ||| SHOPLISTING +3 leather armour of poison resistance
                  | (231 gold, have 2).
   514 | D:1      | Reached skill level 4 in Axes
   766 | D:1      | XOM: give mutations
   766 | D:1      | Gained mutation: You are weak. (Str -2) [Xom's mischief]
   766 | D:1      | Gained mutation: Your magical capacity is low. (-10% MP)
                  | [Xom's mischief]
   805 | D:1      | 805 ||| UPGRADING to +0 pair of gloves.
   810 | D:1      | 810 ||| UPGRADING to +6 ring of dexterity.
   811 | D:1      | 811 ||| READING scroll labelled TOCSINN KUMIPUF.
   812 | D:1      | 812 ||| READING scroll labelled QAS GUPREWUGURPH.
   813 | D:1      | 813 ||| READING scroll labelled HUTRECWEPP.
   814 | D:1      | 814 ||| READING scroll labelled TEKUMA EVOU.
   817 | D:1      | 817 ||| DRINKING 2 yellow potions.
   818 | D:1      | 818 ||| DROPPING potion of flight.
   849 | D:2      | Found a hazy altar of Hepliaklqana.
   958 | D:2      | Reached XP level 3. HP: 26/26 MP: 2/2
   971 | D:2      | 971 ||| Stepping ~*~*~tactically~*~*~ (stealth).
   978 | D:2      | 978 ||| Stepping ~*~*~tactically~*~*~ (stealth).
   981 | D:2      | 981 ||| Stepping ~*~*~tactically~*~*~ (stealth).
   992 | D:2      | 992 ||| Stepping ~*~*~tactically~*~*~ (stealth).
  1081 | D:2      | XOM: give mutations
  1081 | D:2      | Gained mutation: You occasionally shout uncontrollably at
                  | your foes. [Xom's mischief]
  1081 | D:2      | Lost mutation: Armour fits poorly on your strangely shaped
                  | body. [Xom's mischief]
  1081 | D:2      | Lost mutation: You are frail. (-10% HP) [Xom's mischief]
  1210 | D:2      | 1210 ||| Stepping ~*~*~tactically~*~*~ (stealth).
  1211 | D:2      | 1211 ||| Stepping ~*~*~tactically~*~*~ (stealth).
  1227 | D:2      | Reached skill level 5 in Axes
  1346 | D:2      | 1346 ||| Stepping ~*~*~tactically~*~*~ (stealth).
  1347 | D:2      | 1347 ||| Stepping ~*~*~tactically~*~*~ (stealth).
  1416 | D:2      | XOM: torment (16/29 hp)
  1420 | D:2      | 1420 ||| FLEEEEING.
  1649 | D:2      | 1649 ||| Stepping ~*~*~tactically~*~*~ (stealth).
  1816 | D:2      | 1816 ||| DRINKING 2 ruby potions.
  1817 | D:2      | 1817 ||| DRINKING 2 viscous green potions.
  1818 | D:2      | 1818 ||| DROPPING potion of attraction.
  1819 | D:2      | 1819 ||| DROPPING potion of invisibility.
  2019 | D:3      | Reached XP level 4. HP: 35/36 MP: 3/3
  2100 | D:3      | Found a burning altar of Makhleb.
  2163 | D:3      | Found Deniery's Weapon Shoppe.
  2174 | D:3      | 2174 ||| SHOPLISTING +12 hand axe of Ecvikke {vorpal, rF+
                  | rC++} (960 gold, have 91).
  2227 | D:3      | XOM: noise
  2436 | D:3      | XOM: summons 1 hostile demon
  2450 | D:3      | HP: 7/36 [white imp[Xom] (3)]
  2451 | D:3      | 2451 ||| READING 2 scrolls of teleportation.
  2452 | D:3      | Killed from afar by a white imp

Levels and vault maps discovered:
D:1:      lightli_iron_boxes, layout_loops_corners, serial_shops,
          nicolae_shop_advertising_works [nicolae_subvault_shop_adworks],
          chequers_ecumenical_altar_simple_redux
D:2:      layout_rooms, basic_altar
D:3:      layout_loops_ring, mainiacjoe_overflow_paths, serial_undead,
          serial_undead_c, serial_undead_d, serial_undead_e, serial_undead_c,
          serial_shops, nicolae_shop_bloodbath_and_beyond,
          minmay_misc_feat_four_crosses, hex_medium, chequers_decorated_corner,
          kennysheep_generic_room_15

Skill      XL: |  1  2  3 |
---------------+----------+-----
Axes           | 4 5 |  5.3
Dodging        | 2 |  2.1
Fighting       | |  3.6
Armour         | |  2.4

Action                   |  1- 3 |  4- 6 || total
-------------------------+-------+-------++-------
Melee: Hand axe          |    94 |    45 ||   139
       Punch             |       |     1 ||     1
Invok: Renounce Religion |     1 |       ||     1
  Use: Scroll            |     4 |     1 ||     5
       Potion            |     3 |       ||     3
 Stab: Sleeping          |     1 |       ||     1
Armor: Leather armour    |    44 |    12 ||    56
Dodge: Dodged            |    54 |    26 ||    80

Table legend:
 A = Non-vault XP
 B = Vault XP
 C = Vault XP percentage of total XP
 D = Non-vault monster count
 E = Vault monster count
 F = Vault count percentage of total count
                 A         B        C        D         E       F
            +---------+---------+-------+---------+---------+-------
      Total |      97 |      33 |  25.4 |      31 |       4 |  11.4
            +---------+---------+-------+---------+---------+-------
        D:1 |      17 |       0 |   0.0 |      11 |       0 |   0.0
        D:2 |      56 |       0 |   0.0 |      13 |       0 |   0.0
        D:3 |      24 |      33 |  57.9 |       7 |       4 |  36.4
            +---------+---------+-------+---------+---------+-------
